 Dungeon Crawl Stone Soup version 0.28-a0-802-g09f76e8c00 (webtiles) character file.

Game seed: 7543445584639612951

59 vurker the Gusty (level 3, -9/15 HPs)
             Began as a Felid Air Elementalist on Nov 6, 2021.
             Killed by divine providence
             ... invoked by an orc priest
              (11 damage)
             ... on level 3 of the Dungeon.
             The game lasted 00:03:27 (2803 turns).

vurker the Gusty (Felid Air Elementalist)           Turns: 2803, Time: 00:03:28

Health: -9/15      AC:  1    Str:  4    XL:     3   Next: 78%
Magic:  0/8        EV: 17    Int: 17    God:
Gold:   77         SH:  0    Dex: 16    Spells: 6/7 levels left
                                        Lives:  0   Deaths: 0

rFire   . . .      SeeInvis +   (weapon unavailable)
rCold   . . .      Faith    .   (shield unavailable)
rNeg    . . .      Spirit   .   (armour unavailable)
rPois   .          Reflect  .   (helmet unavailable)
rElec   .          Harm     .   (cloak unavailable)
rCorr   .          Rampage  .   (gloves unavailable)
Will    .....                   (boots unavailable)
Stlth   ++........              (no amulet)
HPRegen 0.05/turn               (no ring)
MPRegen 0.11/turn               (no ring)

@: quick
A: very small, claws 1, fangs 3, see invisible, speed 1, shaggy fur 1, stealthy
paws, no weapons or thrown items, no armour, multi-lived
a: no special abilities


You were on level 3 of the Dungeon.
You visited 1 branch of the dungeon, and saw 3 of its levels.

You collected 77 gold pieces.

Inventory:

Scrolls
 d - 2 scrolls of amnesia {unknown}
 g - a scroll of teleportation {unknown}
 h - a scroll of vulnerability {unknown}
 j - a scroll of enchant armour {unknown}
Potions
 a - a potion of attraction {unknown}
 b - 2 potions of haste {unknown}
 c - a potion of ambrosia {unknown}
 e - a potion of berserk rage {unknown}
 f - a potion of curing {unknown}
 i - 2 potions of lignification {unknown}


   Skills:
 + Level 1.1 Fighting
 - Level 2.6 Dodging
 - Level 2.6 Stealth
 * Level 2.8 Spellcasting
 + Level 1.4 Conjurations
 * Level 3.3 Air Magic


You had 6 spell levels left.
You knew the following spells:

 Your Spells              Type           Power      Damage    Failure   Level
a - Shock                 Conj/Air       40%        1d5       7%          1

Your spell library contained the following spells:

 Spells                   Type           Power      Damage    Failure   Level
 Static Discharge         Conj/Air       10%        N/A       10%         2
 Swiftness                Air            13%        N/A       14%         3
 Airstrike                Air            6%         N/A       41%         4


Dungeon Overview and Level Annotations

Branches:
Dungeon (3/15)

Altars:

Shops:
D:2 :


Innate Abilities, Weirdness & Mutations

You have sharp claws.
You have razor-sharp teeth.
You have supernaturally acute eyesight. (SInv)
You cover ground quickly. (Speed+)
You are covered in fur. (AC +1)
Your paws help you pounce on unaware monsters.
You are incapable of wielding weapons or throwing items.
You cannot wear armour.
You gain extra lives every three experience levels.


Message History

Aim: a hobgoblin (68% to hit)
The zap hits the hobgoblin.
Aim: a hobgoblin (heavily wounded, 68% to hit)
The zap hits the hobgoblin.
Aim: a hobgoblin (almost dead, 68% to hit)
The zap misses the hobgoblin.
The zap hits the hobgoblin.
You kill the hobgoblin!
You can't see any susceptible monsters within range! (Use Z to cast anyway.)
You see here a hobgoblin corpse. 2 orcs come into view.
There are monsters nearby!
There are monsters nearby!
Aim: an orc, wielding a +0 short sword and wearing a +0 ring mail (72% to hit)
The zap misses the orc.
Aim: an orc, wielding a +0 short sword and wearing a +0 ring mail (72% to hit)
The zap hits the orc.
The orc shouts!
Aim: an orc, wielding a +0 short sword and wearing a +0 ring mail (heavily wounded, 72% to hit)
The zap misses the orc.
An orc priest comes into view. It is wielding a +0 mace.
Aim: an orc, wielding a +0 short sword and wearing a +0 ring mail (heavily wounded, 72% to hit)
The zap misses the orc.
The orc priest shouts!
The orc closely misses you.
Aim: an orc, wielding a +0 short sword and wearing a +0 ring mail (heavily wounded, 72% to hit)
The zap hits the orc but does no damage.
The zap hits the orc.
The orc misses you. The orc hits you with a +0 short sword.
Aim: an orc, wielding a +0 short sword and wearing a +0 ring mail (heavily wounded, 72% to hit)
The zap hits the orc.
The zap misses the orc.
Aim: an orc, wielding a +0 short sword and wearing a +0 ring mail (severely wounded, 72% to hit)
The zap hits the orc.
The zap misses the orc.
The zap hits the orc. x2
You kill the orc!
The zap misses the orc.
The zap hits the orc priest but does no damage.
The zap misses the orc priest.
The orc priest invokes the aid of Beogh against you.
Beogh smites you!
Ouch! That really hurt!
* * * LOW HITPOINT WARNING * * *
The orc misses you.
The zap hits the orc.
You kill the orc!
The zap hits the orc priest. x2
You don't have enough magic to cast this spell.
The orc priest barely misses you.
The orc priest calls down the wrath of Beogh upon you.
Beogh smites you!
Ouch! That really hurt!
You die...

#.# .# ## ###.##.#
...# #....#.###+##
..o.. #)...#.#....#
......#.##.#.#....#
....o...##o#.#....#
##########.#.#....#
#...#....#
#..@#....######
#..............
#.#.###.#####..
#.#............
#.#.†##.#####..
#.#..##.# #.#..##.#
#.#...#.# #.#.#.#.#


You could see an orc priest.

Vanquished Creatures
  Robin (D:2)
  An adder (D:2)
  A worm (D:2)
  2 orcs (D:3)
  3 ball pythons
  A bat (D:1)
  An endoplasm (D:3)
  10 goblins
  5 hobgoblins
  2 quokkas
  2 kobolds (D:1)
  A rat (D:2)
30 creatures vanquished.

Notes
Turn   | Place    | Note
-------+----------+-------------------------------------------
     0 | D:1      | vurker the Felid Air Elementalist began the quest for the
                  | Orb.
     0 | D:1      | Reached XP level 1. HP: 7/7 MP: 4/4
   154 | D:1      | Reached skill level 1 in Conjurations
   308 | D:1      | Found a faded altar of an unknown god.
   713 | D:2      | Found Yppis's Book Boutique.
   717 | D:2      | Reached XP level 2. HP: 12/12 MP: 3/6
  1152 | D:2      | Reached skill level 3 in Air Magic
  1620 | D:2      | Noticed Robin
  1750 | D:2      | Reached XP level 3. HP: 9/15 MP: 2/7
  2077 | D:2      | Killed Robin
  2343 | D:2      | Reached skill level 1 in Fighting
  2803 | D:3      | Killed from afar by an orc priest

Illustrated notes

Levels and vault maps discovered:
D:1:      shiori_arrival_maze, layout_loops_ring,
          ebering_ecumenical_altar_petrified
D:2:      layout_loops_corners, serial_shops, shop, minmay_cut_off, uniq_robin
D:3:      layout_basic, minmay_misc_feat_rugged

Skill      XL: |  1  2  3 |
---------------+----------+-----
Conjurations   | 1 |  1.4
Air Magic      | 3 |  3.3
Fighting       | 1 |  1.1
Dodging        | |  2.6
Stealth        | |  2.6
Spellcasting   | |  2.8

Action                   || total
-------------------------++-------
Melee: Unarmed           ||    24
 Cast: Shock             ||    84
Armor: Skin              ||     1
Dodge: Dodged            ||    39

Table legend: (Time is in decaauts)
 A = Elapsed time spent in this place.
 B = Non-inter-level travel time spent in this place.
 C = Inter-level travel time spent in this place.
 D = Time resting spent in this place.
 E = Time spent auto-exploring this place.
 F = Levels seen in this place.
 G = Mean time per level.
                   A        B        C        D        E       F      G
               +--------+--------+--------+--------+--------+-----+--------+
         Total |   2473 |   2447 |     26 |    130 |   2001 |   3 |  824.3 |
       Dungeon |   2473 |   2447 |     26 |    130 |   2001 |   3 |  824.3 |
               +--------+--------+--------+--------+--------+-----+--------+

Top non-repeatable levels by time:
     D:2: 1571 daAuts
     D:1: 715 daAuts
     D:3: 186 daAuts
